 Dungeon Crawl Stone Soup version 0.29-a0-519-g90894fa (webtiles) character file.

Game seed: 10741927080826489296

13 Toastz the Skirmisher (level 2, 24/24 HPs)
             Began as a Demonspawn Abyssal Knight on May 30, 2022.
             Was a Believer of Lugonu.
             Quit the game on level 1 of the Dungeon.
             The game lasted 00:00:48 (779 turns).

Toastz the Skirmisher (Demonspawn Abyssal Knight)    Turns: 779, Time: 00:00:48

Health: 24/24      AC:  3    Str: 13    XL:     2   Next: 24%
Magic:  3/3        EV: 11    Int: 11    God:    Lugonu [**....]
Gold:   23         SH:  0    Dex: 13    Spells: 1/1 levels left

rFire   . . .      SeeInvis .   a - +1 mace
rCold   . . .      Faith    .   (no shield)
rNeg    . . .      Spirit   .   b - +0 leather armour
rPois   .          Reflect  .   (no helmet)
rElec   .          Harm     .   (no cloak)
rCorr   .          Rampage  .   (no gloves)
Will    .....                   (no boots)
Stlth   +.........              (no amulet)
HPRegen 0.08/turn               (no ring)
MPRegen 0.08/turn               (no ring)

@: no status effects
A: demonic touch 1
a: Renounce Religion, Depart the Abyss, Bend Space


You were on level 1 of the Dungeon.
You worshipped Lugonu.
Lugonu was pleased with you.
You visited 1 branch of the dungeon, and saw 1 of its levels.
You visited the Abyss 1 time.

You collected 23 gold pieces.

Inventory:

Hand Weapons
 a - a +1 mace (weapon)
Missiles
 c - 39 stones
 d - 6 poisoned darts
Armour
 b - a +0 leather armour (worn)
Scrolls
 e - 4 scrolls of identify {unknown}


   Skills:
 + Level 3.2 Fighting
 * Level 2.4 Maces & Flails
 - Level 1.7 Armour
 - Level 0.8 Dodging
 - Level 2.4 Invocations


You had one spell level left.
You didn't know any spells.
Your spell library was empty.

Dungeon Overview and Level Annotations

Branches:
Dungeon (1/15)

Altars:


Innate Abilities, Weirdness & Mutations

Your touch may inflict minor irresistible damage on your foes.


Message History

A goblin comes into view. It is wielding a +0 dagger.
The goblin shouts!
A goblin is nearby!
A quokka comes into view.
The goblin hits you but does no damage.
You closely miss the goblin. The goblin hits you but does no damage.
You hit the goblin.
You kill the goblin!
Lugonu accepts your kill. The quokka bites you.
You barely miss the quokka. The quokka barely misses you.
You hit the quokka but do no damage. The quokka closely misses you.
The quokka bites you.
You barely miss the quokka. The quokka bites you.
You hit the quokka. Your touch misses the quokka.
The quokka is moderately wounded.
The quokka closely misses you. x2
You miss the quokka.
The quokka is moderately wounded.
The quokka bites you.
You hit the quokka.
You touch the quokka.
You kill the quokka!
Lugonu accepts your kill.
No target in view!
You see here a +0 dagger.
e - 4 scrolls labelled LAEJEI UQEL (gained 1)
A goblin comes into view. It is wielding a +0 club.
The goblin shouts!
A goblin is nearby!
The goblin hits you but does no damage.
You hit the goblin.
The goblin is heavily wounded.
The goblin hits you but does no damage.
You miss the goblin. Your touch misses the goblin.
The goblin is heavily wounded.
The goblin closely misses you.
You hit the goblin.
You kill the goblin!
Lugonu accepts your kill.
Are you sure you want to abandon this character and quit the game? (Confirm with "yes".)

...# #....# ...# #.
#....# ...# #. #....#
...# #.
##########....# ...#
####.###.............#
...###
#......#...........###
.....#
#......#...........#
##...###
#..$...#...........#
..†....#
#.....@............#
.......#
#....).#...........#
.......#
#......#...........#
.......#
#......#...........#
.......#
#......#...........#
########
#......#######.#####
#......# #.# ########
#)# #.#


There were no monsters in sight!

Vanquished Creatures
  A ball python (D:1)
  3 endoplasms (D:1)
  2 goblins (D:1)
  A quokka (D:1)
  2 bats (D:1)
  3 rats (D:1)
12 creatures vanquished.

Notes
Turn   | Place    | Note
-------+----------+-------------------------------------------
     0 | Abyss:1  | Toastz the Demonspawn Abyssal Knight began the quest for
                  | the Orb.
     0 | Abyss:1  | Reached XP level 1. HP: 18/18 MP: 2/2
    11 | D:1      | Escaped the Abyss
   491 | D:1      | Discovered your monstrous ancestry.
   491 | D:1      | Gained mutation: Your touch may inflict minor irresistible
                  | damage on your foes. [demonic ancestry]
   491 | D:1      | Reached XP level 2. HP: 22/24 MP: 3/3
   779 | D:1      | Quit the game

Illustrated notes

Levels and vault maps discovered:
D:1:      lightli_arrival_noodles, layout_basic

Skill      XL: |  1 |
---------------+----+-----
Maces & Flails | 2 |  2.4
Fighting       | |  3.2
Armour         | |  1.7
Dodging        | |  0.8
Invocations    | |  2.4

Action                   || total
-------------------------++-------
Melee: Mace              ||    31
       Touch             ||     1
 Stab: Sleeping          ||     1
Armor: Leather armour    ||     6
Dodge: Dodged            ||    20

Table legend: (Time is in decaauts)
 A = Elapsed time spent in this place.
 B = Non-inter-level travel time spent in this place.
 C = Inter-level travel time spent in this place.
 D = Time resting spent in this place.
 E = Time spent auto-exploring this place.
 F = Levels seen in this place.
 G = Mean time per level.
                   A        B        C        D        E       F      G
               +--------+--------+--------+--------+--------+-----+--------+
         Total |    787 |    774 |     13 |      0 |    684 |   2 |  393.5 |
       Dungeon |    776 |    763 |     13 |      0 |    684 |   1 |  776.0 |
         Abyss |     11 |     11 |      0 |      0 |      0 |   1 |   11.0 |
               +--------+--------+--------+--------+--------+-----+--------+

Top non-repeatable levels by time:
     D:1: 776 daAuts
 Abyss:1: 11 daAuts
